 Dungeon Crawl Stone Soup version 0.30-a0-50-gb2d611f6b1 (webtiles) character file.

Game seed: 5662696890448558810

608 gruber the Purveyor of Pain (level 7, -2/36 HPs)
             Began as a Deep Elf Necromancer on Sept 4, 2022.
             Was an Initiate of Kikubaaqudgha.
             Killed from afar by a white imp (14 damage)
             ... with a puff of frost
             ... on level 5 of the Dungeon.
             The game lasted 00:05:33 (5488 turns).

gruber the Purveyor of Pain (Deep Elf Necromancer)  Turns: 5488, Time: 00:05:34

Health: -2/36      AC:  3    Str:  5    XL:     7   Next: 19%
Magic:  11/19      EV: 12    Int: 22    God:    Kikubaaqudgha [......]
Gold:   276        SH:  0    Dex: 15    Spells: 10/19 levels left

rFire   . . .      SeeInvis .    q - staff of conjuration
rCold   . . .      Faith    .    (no shield)
rNeg    . . .      Spirit   .    a - +0 robe
rPois   .          Reflect  .    (no helmet)
rElec   .          Harm     .    (no cloak)
rCorr   .          Rampage  .    (no gloves)
Will    .....                    w - +0 pair of boots
Stlth   ++........               (no amulet)
HPRegen 0.12/turn                (no ring)
MPRegen 0.16/turn                (no ring)

@: no status effects
A: no striking features
a: Renounce Religion


You were on level 5 of the Dungeon.
You worshipped Kikubaaqudgha.
Kikubaaqudgha was noncommittal.
You visited 2 branches of the dungeon, and saw 6 of its levels.

You collected 276 gold pieces.

Inventory:

Missiles
 y - 4 curare-tipped darts
Armour
 a - a +0 robe (worn)
 w - a +0 pair of boots (worn)
Magical Staves
 q - a staff of conjuration (weapon)
Jewellery
 d - an amulet of faith
 u - a ring of flight
Wands
 t - a wand of flame (14)
 z - a wand of charming (8)
Scrolls
 e - 2 scrolls of poison {unknown}
 f - 2 scrolls of torment {unknown}
 h - 4 scrolls of teleportation {unknown}
 k - 4 scrolls of enchant armour {unknown}
 l - a scroll of immolation {unknown}
 m - 4 scrolls of identify {unknown}
 p - a scroll of fear {unknown}
 r - a scroll of blinking {unknown}
 s - a scroll of summoning {unknown}
 A - a scroll of silence {unknown}
 B - a scroll of butterflies {unknown}
 C - a scroll of vulnerability {unknown}
Potions
 b - 2 potions of magic
 c - a potion of attraction {unknown}
 g - 2 potions of invisibility {unknown}
 i - 3 potions of resistance {unknown}
 j - 5 potions of heal wounds {unknown}
 n - a potion of brilliance {unknown}
 o - a potion of ambrosia {unknown}
 v - 2 potions of mutation {unknown}
 x - 2 potions of curing {unknown}


   Skills:
 - Level 2.4 Dodging
 - Level 2.4 Stealth
 + Level 6.6 Spellcasting
 * Level 9.0 Necromancy


You had 10 spell levels left.
You knew the following spells:

 Your Spells              Type           Power      Damage    Failure   Level
a - Necrotise             Necr           100%       1d9       1%          1
b - Vampiric Draining     Necr           47%        2d9       1%          3
c - Animate Dead          Necr           47%        N/A       1%          4
d - Magic Dart            Conj           40%        1d5       9%          1

Your spell library contained the following spells:

 Spells                   Type           Power      Damage    Failure   Level
 Agony                    Necr           47%        N/A       6%          5
 Call Imp                 Summ           7%         N/A       13%         2
 Mephitic Cloud           Conj/Pois/Air  10%        N/A       26%         3
 Tukima's Dance           Hex            7%         N/A       26%         3
 Passage of Golubria      Tloc           7%         N/A       65%         4
 Yara's Violent Unravell  Hex/Tmut       3%         3d4       94%         5
 Haunt                    Necr/Summ      13%        N/A       100%        7
 Infestation              Necr           23%        N/A       100%        8


Dungeon Overview and Level Annotations

Branches:
Dungeon (5/15)             Temple (1/1) D:4

Altars:
Cheibriados
Dithmenos
Elyvilon
Gozag
Hepliaklqana
Kikubaaqudgha
Makhleb
Okawaru
Qazlal
Ru
Sif Muna
Trog
Uskayaw
Vehumet
Wu Jian
Xom
The Shining One

Shops:
D:1 [   D:5 !


Message History

Things that are here:
a +0 dagger; a +0 robe You hit the dart slug but do no damage.
The dart slug closely misses you.
You hit the dart slug.
The dart slug is lightly wounded.
The dart slug launches a dart at you. The slug dart hits you.
You hit the dart slug.
The dart slug is heavily wounded.
You hit the dart slug.
The dart slug is almost dead.
The dart slug launches a dart at you. The slug dart hits you.
You hit the dart slug.
You kill the dart slug!
Kikubaaqudgha accepts your kill.
You see here a dart slug corpse.
Things that are here:
a +0 dagger; a +0 robe
Items here: ( ) [ †.
Things that are here:
a +0 dagger; a +0 robe You start resting.
An ice beast is nearby!
You see here a dart slug corpse.
Items here: ( ) [ †.
The white imp shouts!
The white imp gestures at you. The puff of frost misses you.
The white imp gestures at you. The puff of frost hits you!
The white imp gestures at you. The puff of frost misses you.
Things that are here:
a +0 short sword; 5 stones You see here a +0 plate armour.
The white imp gestures at you. The puff of frost hits you!
You die...
Kikubaaqudgha rasps: "You have failed me!
Welcome... death!"

####### #...)<# #.#####
####)# #.[@.#
######5####### ...
##......).....#
...##^............##.#....
..
.....P..........)'...>...#
#. #.....♣....Y.....##..
.....#. #..............#
....#. ###
#.'......)...).# #..#.
.... ##............# #....


You could see a white imp.

Vanquished Creatures
  Duvessa (D:5)
  A kobold brigand (D:5)
  A scorpion (D:5)
  Dowan (D:5)
  A jelly (D:4)
  Jessica (D:3)
  An iguana (D:5)
  4 orc wizards
  3 adders
  A white imp (D:5)
  4 worms
  7 dart slugs
  9 orcs
  5 ball pythons
  3 endoplasms
  8 giant cockroaches
  5 goblins
  5 hobgoblins
  2 jackals (D:1)
  10 kobolds
  2 quokkas
  5 bats
  2 frilled lizards
  4 rats
86 creatures vanquished.

Vanquished Creatures (collateral kills)
  A hobgoblin (D:1)
1 creature vanquished.

Grand Total: 87 creatures vanquished

Notes
Turn   | Place    | Note
-------+----------+-------------------------------------------
     0 | D:1      | gruber the Deep Elf Necromancer began the quest for the
                  | Orb.
     0 | D:1      | Reached XP level 1. HP: 10/10 MP: 6/6
    43 | D:1      | Reached skill level 5 in Necromancy
   171 | D:1      | Reached XP level 2. HP: 15/15 MP: 6/8
   275 | D:1      | Found Kecsepeila's Antique Armour Boutique.
  1109 | D:2      | Found a faded altar of an unknown god.
  1267 | D:2      | Reached XP level 3. HP: 19/19 MP: 5/9
  1498 | D:2      | Reached skill level 6 in Necromancy
  2194 | D:3      | Reached XP level 4. HP: 24/24 MP: 9/11
  2676 | D:3      | Noticed Jessica
  2680 | D:3      | Killed Jessica
  3443 | D:3      | Reached XP level 5. HP: 28/28 MP: 9/13
  3477 | D:3      | Learned a level 3 spell: Vampiric Draining
  3482 | D:3      | Learned a level 4 spell: Animate Dead
  3509 | D:4      | Found a staircase to the Ecumenical Temple.
  3537 | Temple   | Entered the Ecumenical Temple
  3559 | Temple   | Became a worshipper of Kikubaaqudgha
  3684 | D:4      | Reached skill level 7 in Necromancy
  4490 | D:4      | Reached skill level 5 in Spellcasting
  4832 | D:5      | Entered Level 5 of the Dungeon
  4832 | D:5      | Noticed Duvessa
  4832 | D:5      | Noticed Dowan
  4832 | D:5      | Found Jyacuuri's Distillery.
  4886 | D:5      | Reached XP level 6. HP: 32/32 MP: 11/16
  4921 | D:5      | Reached skill level 8 in Necromancy
  5066 | D:5      | Learned a level 1 spell: Magic Dart
  5410 | D:5      | Noticed an ice beast
  5417 | D:5      | Killed Duvessa
  5418 | D:5      | Reached XP level 7. HP: 27/36 MP: 5/18
  5423 | D:5      | Killed Dowan
  5424 | D:5      | Reached skill level 9 in Necromancy
  5488 | D:5      | Killed from afar by a white imp

Illustrated notes

Levels and vault maps discovered:
D:1:      wander_arrival_estate, layout_basic, serial_shops, shop, st_stairs_8,
          hangedman_feature_mirror, minmay_misc_feat_diagonals,
          roderic_serpentine_path, serial_bayou_pond_e
D:2:      layout_loops_ring, chequers_ecumenical_altar_simple,
          corexii_item_surrounded_by_moat, st_stairs_3,
          chequers_serial_rivers_small_3, minmay_worlds_worst_comb
D:3:      minmay_chambers_of_twos, layout_basic, uniq_jessica
D:4:      layout_layer_cave, minmay_temple_entry_stoned_glass
D:5:      layout_basic, serial_shops, nicolae_diamond_shop,
          nrook_mini_backslash, hangedman_abyss_or_decor_stagger,
          serial_park_tiny_1, uniq_duvessa
Temple:   sentei_temple_godly_chess

Skill      XL: |  1  2  3  4  5  6  7 |
---------------+----------------------+-----
Necromancy     | 5 6 7 8 9 |  9.0
Spellcasting   | 4 5 6 |  6.6
Dodging        | |  2.4
Stealth        | |  2.4

Action                   |  1- 3 |  4- 6 |  7- 9 || total
-------------------------+-------+-------+-------++-------
Melee: Unarmed           |     1 |       |       ||     1
       Staff             |       |     1 |     5 ||     6
 Cast: Necrotise         |    64 |   113 |     3 ||   180
       Magic Dart        |       |    10 |       ||    10
       Vampiric Draining |       |     4 |     1 ||     5
Evoke: Wand              |       |       |     2 ||     2
Armor: Robe              |     2 |    11 |     1 ||    14
Dodge: Dodged            |     7 |    33 |     6 ||    46

Table legend: (Time is in decaauts)
 A = Elapsed time spent in this place.
 B = Non-inter-level travel time spent in this place.
 C = Inter-level travel time spent in this place.
 D = Time resting spent in this place.
 E = Time spent auto-exploring this place.
 F = Levels seen in this place.
 G = Mean time per level.
                   A        B        C        D        E       F      G
               +--------+--------+--------+--------+--------+-----+--------+
         Total |   5491 |   5305 |    186 |    277 |   4437 |   6 |  915.2 |
       Dungeon |   5461 |   5284 |    177 |    277 |   4437 |   5 | 1092.2 |
        Temple |     30 |     22 |      8 |      0 |      0 |   1 |   30.0 |
               +--------+--------+--------+--------+--------+-----+--------+

Top non-repeatable levels by time:
     D:3: 1407 daAuts
     D:4: 1327 daAuts
     D:2: 1193 daAuts
     D:1: 910 daAuts
     D:5: 622 daAuts
  Temple: 30 daAuts
